016, lawful female dwarven Valkyrie ----- ---------- `##########-[<.| |ohoGooh.| |...| |oohGGCT.| #.....# |........| ###----- ------.--- ----------- # # `#####..........+### ### |.........|## # |.........|#### ######## |..........# # ---|----------- |.........| ### |.............| ----------- # |.............| ######..............| --------------- 016 the Skirmisher Experience level: 5 Strength: 18/03 Dexterity: 13 Constitution: 18 Intelligence: 10 Wisdom: 8 Charisma: 8 Health: 0(56) Energy: 4(4) Def: 8 Gold: 840 Moves: 3153 Dungeon seed: MIsfU3T4_zizWn3P Game ID: 016_1587320934 Your Inventory: Coins $ - 840 gold pieces Weapons a - a blessed +1 long sword (weapon in hand) b - a +0 dagger d - 24 +0 arrows j - a +1 orcish dagger p - a cursed -1 crossbow w - 5 cursed +0 arrows C - 4 +0 darts H - a blessed +0 crossbow Armor e - an uncursed +3 small shield (being worn) y - an uncursed +0 orcish helm (being worn) z - an uncursed +0 ring mail (being worn) Comestibles c - an uncursed food ration Scrolls I - an uncursed scroll of confuse monster Spellbooks g - an uncursed spellbook of slow monster h - an uncursed spellbook of wizard lock l - an uncursed spellbook of jumping Rings x - an uncursed ring of protection from shape changers A - an uncursed ring of regeneration G - an uncursed ring of stealth Wands t - a wand of digging (0:8) E - a wand of cold (0:6) Tools K - 2 cursed tallow candles (0:200) Gems n - an uncursed worthless piece of green glass q - an uncursed opal r - an uncursed worthless piece of violet glass Spells and supernatural/magical abilities: Name Level Category Fail Memory W - pray for help -- divine ? -- Your skills at the end: Fighting Skills Weapon Skills dagger [Basic] long sword [Basic] Spellcasting Skills Final Attributes: You were piously aligned. You were cold resistant. You had infravision. You were invisible. You were stealthy. You are dead. Vanquished creatures: a giant spider a raven a yellow light a gnome lord a gnomish wizard a homunculus 2 kobold lords 3 hill orcs a wererat an iguana an acid blob a gas spore a manes a hobgoblin 3 giant rats 2 cave spiders 2 geckos 9 jackals a fox 2 goblins a sewer rat 7 grid bugs 4 lichens 5 newts 53 creatures vanquished. Voluntary challenges: You had been an atheist until turn 2195. You used a wielded weapon 62 times, starting on turn 9. You read items or engraved 5 times, starting on turn 1410. You never genocided any monsters. You never polymorphed an object. You never changed form. You used no wishes. You never split a pudding. You never wrote Elbereth's name. You never violated your personal moral code. Dungeon overview: The Dungeons of Doom: levels 1 to 11 Level 1 a fountain a long staircase Level 2 Level 3 Level 4 Level 5 Level 6 Level 7 Level 8 Level 9 Level 10 a long staircase Level 11 <- You were here a throne History has recorded: On T:1 you entered the Dungeons of Doom to retrieve the Amulet of Yendor! On T:292 you reached level 2 of The Dungeons of Doom. On T:343 you reached level 3 of The Dungeons of Doom. On T:453 you advanced to experience level 2. On T:789 you reached level 4 of The Dungeons of Doom. On T:1030 you advanced to experience level 3. On T:1106 you reached level 5 of The Dungeons of Doom. On T:1354 you advanced to experience level 4. On T:1511 you reached level 6 of The Dungeons of Doom. On T:1577 you reached level 7 of The Dungeons of Doom. On T:1800 you reached level 8 of The Dungeons of Doom. On T:1910 you advanced to experience level 5. On T:2104 you reached level 9 of The Dungeons of Doom. On T:2198 you reached level 10 of The Dungeons of Doom. On T:2748 you reached level 11 of The Dungeons of Doom. Score breakdown: Gold: 840 ( 9949 points) Experience: 5 levels (11141 points) Exploration: 11 levels ( 22.92%) (13837 points) Discoveries: 7 items ( 2.85%) ( 5060 points) Valuables value: (no points given unless you survive) Artifact value: 0 ( 0 points) Variety of kills: 24 monsters ( 6.30%) ( 7529 points) Turncount: 3153 turns ( -673 points) Survival: died (score multiplied by 80%) Total score: 37474 Latest messages: You see here a gnomish wizard corpse. This gnomish wizard corpse tastes terrible! You finish eating the gnomish wizard corpse. You see here a partly eaten gnome lord corpse. This gnome lord corpse tastes terrible! You finish eating the gnome lord corpse. You see here a jackal corpse. This jackal corpse tastes terrible! You finish eating the jackal corpse. You miss the Olog-hai. The Olog-hai hurls an emerald potion! The jar crashes on your head and breaks into shards. It suddenly gets dark. You can see again. You miss the Olog-hai. The Olog-hai hits! (2x) The Olog-hai bites! The Olog-hai hits! (2x) You die... Final status: Farvel 016 the Valkyrie, killed by an Olog-hai... You died in The Dungeons of Doom on dungeon level 11 with 37474 points, and 840 pieces of gold, after 3153 moves. You were level 5 with a maximum of 56 hit points when you died.